 Dungeon Crawl Stone Soup version 0.18-a0-1164-g7046a04 (console) character file.

482 FIQ the Charlatan (level 6, -16/55 HPs)
             Began as a Deep Dwarf Artificer on Jan 25, 2016.
             Demolished by an orc
             ... wielding a +0 whip of electrocution
              (18 damage)
             ... on level 5 of the Dungeon.
             The game lasted 00:09:03 (3429 turns).

FIQ the Charlatan (Deep Dwarf Artificer)            Turns: 3429, Time: 00:09:03

Health: -16/55     AC:  8    Str: 15    XL:     6   Next: 87%
Magic:  10/10      EV:  4    Int: 12    God:
Gold:   159        SH:  0    Dex: 15    Spells: 0 memorised, 5 levels left

rFire  . . .     SeeInvis .     r - +0 trident (venom)
rCold  . . .     Gourm    +     h - +0 chain mail
rNeg   . . .     Faith    .     (no shield)
rPois  .         Spirit   .     (no helmet)
rElec  .         Dismiss  .     (no cloak)
rCorr  .         Reflect  .     (no gloves)
SustAt .         Harm     .     (no boots)
MR     .....                    j - amulet of the gourmand
Stlth  ..........               (no ring)
                                (no ring)

@: non-regenerating, not resistant to hostile enchantments, extremely unstealthy
A: damage resistance, recharge devices, hooves 1, sense surroundings 2, slow
regeneration 3, sturdy frame 1
a: Device Recharging


You were on level 5 of the Dungeon.
You were completely stuffed.

You visited 1 branch of the dungeon, and saw 5 of its levels.

You collected 159 gold pieces.

Inventory:

Hand Weapons
 a - a +0 short sword
 l - a +0 hand axe
 r - a +0 trident of venom (weapon)
Armour
 h - a +0 chain mail (worn)
Jewellery
 j - an amulet of the gourmand (around neck)
 s - a cursed ring of loudness {unknown}
Wands
 c - a wand of flame (15/48)
 d - a wand of enslavement (15/24)
 e - a wand of random effects (15/48)
 f - a wand of heal wounds (1/9)
 o - a wand of frost (7/48)
Scrolls
 b - 2 scrolls of amnesia
 k - a scroll of random uselessness {unknown}
 p - 3 scrolls of identify
 u - a scroll of remove curse
Potions
 n - a potion of brilliance
 q - a potion of heal wounds
 w - 2 potions of lignification
Comestibles
 g - 2 bread rations
 i - 2 fruits
 m - a meat ration
 t - a beef jerky


   Skills:
 + Level 2.9 Fighting
 - Level 2.9 Short Blades
 + Level 0.9 Axes
 + Level 2.6 Armour
 + Level 4.2 Dodging
 - Level 1.2 Stealth
 + Level 5.8 Evocations


You had 5 spell levels left.
You didn't know any spells.

Dungeon Overview and Level Annotations

Branches:
Dungeon (5/15)
 Temple: D:4-7

Altars:
Ashenzari


Innate Abilities, Weirdness & Mutations

You are resistant to damage.
You can recharge devices by infusing magical energy.
You passively map the area around you.
You do not regenerate naturally.
You have large cloven feet.
Your movements are slightly less encumbered by armour (ER -2).


Message History

You puncture the ogre!
The ogre looks even sicker.
The ogre is almost dead.
You kill the ogre!
The orc barely misses you. The orc hits you but does no damage.
The orc priest calls down the wrath of Beogh upon you.
Something smites you!
* * * LOW HITPOINT WARNING * * *
An orc priest comes into view. It is wielding a hand axe.
The orc wizard points at you and mumbles some strange words.
The magic dart hits you!
* * * LOW HITPOINT WARNING * * *
The orc wizard casts a spell at you. The magic dart hits you!
* * * LOW HITPOINT WARNING * * *
The orc wizard mumbles some strange words.
The orc wizard blinks!
There is an open door here.
There is a stone staircase leading up here.
The orc hits you but does no damage.
You are electrocuted!
You die...

#..........#..
,
#...?.........+
*
#.......o.....
#.>...........
,*
#...o..ยง...#
#..........#,
,,
,####o#########
, *,
..#......... ,
, ,
#.#o........ ,
, #.#o...#####
* * #.@........
*,*###########
, * , ,, , * **
* ,, , , ** , ,
, , * , , , , *
, * ** , , ,, ,
,


You could see an orc wizard and 2 orcs.

Vanquished Creatures
  2 ogres
  2 orc wizards
  An orc priest (D:4)
  Jessica (D:3)
  2 worker ants (D:4)
  3 adders
  An ooze (D:3)
  An adder skeleton (D:4)
  A worm (D:4)
  2 giant geckos
  12 orcs
  7 bats
  7 giant cockroaches
  11 goblins
  6 hobgoblins
  20 jackals
  9 kobolds
  2 quokkas
  2 giant newts (D:2)
  11 rats
103 creatures vanquished.

Notes
Turn   | Place    | Note
--------------------------------------------------------------
     0 | D:1      | FIQ the Deep Dwarf Artificer began the quest for the Orb.
     0 | D:1      | Reached XP level 1. HP: 16/16 MP: 3/3
    30 | D:1      | Reached skill level 1 in Fighting
   123 | D:1      | Reached skill level 1 in Short Blades
   141 | D:1      | Reached XP level 2. HP: 15/25 MP: 5/5
   793 | D:1      | Reached XP level 3. HP: 31/31 MP: 6/6
  1222 | D:2      | Found a shattered altar of Ashenzari.
  1633 | D:2      | Reached XP level 4. HP: 34/38 MP: 7/7
  2181 | D:3      | Reached skill level 1 in Armour
  2372 | D:3      | Reached XP level 5. HP: 34/45 MP: 8/8
  2447 | D:3      | Reached skill level 5 in Evocations
  2553 | D:3      | Noticed Jessica
  2559 | D:3      | Killed Jessica
  2648 | D:4      | Noticed an ogre
  2704 | D:4      | Killed an ogre
  2704 | D:4      | Reached XP level 6. HP: 27/55 MP: 8/10
  3036 | D:4      | Gained mutation: You passively map the area around you. [potion of mutation]
  3036 | D:4      | Gained mutation: Your movements are slightly less encumbered by armour (ER -2). [potion of mutation]
  3036 | D:4      | Gained mutation: You have large cloven feet. [potion of mutation]
  3405 | D:5      | Entered Level 5 of the Dungeon
  3418 | D:5      | HP: 2/55 [ogre/giant spiked club (17)]
  3423 | D:5      | HP: 2/55 [orc wizard/magic dart (3)]
  3429 | D:5      | Demolished by an orc

Vault maps used:
D:1:      denvon_arrival_planthouse
D:2:      nicolae_ashenzari_panopticon, first_bread, minmay_misc_feat_pillars
D:3:      uniq_jessica
D:5:      serial_shops, shop_statue, grunt_qazlal_sundering

Action                   |  1- 3 |  4- 6 || total
-------------------------+-------+-------++-------
Melee: Short sword       |   256 |   318 ||   574
       Trident           |       |     5 ||     5
Evoke: Wand              |     1 |    14 ||    15
  Use: Scroll            |     2 |     4 ||     6
       Potion            |     2 |     9 ||    11
  Eat: Chunk             |    19 |     6 ||    25
